 Dungeon Crawl Stone Soup version 0.29-a0-1027-gcd8c55af63 (webtiles) character file.

Game seed: 1176057705583737115

3 Sobieck the Caller (level 1, -1/10 HPs)
             Began as a Kobold Summoner on Aug 12, 2022.
             Slain by a jackal (3 damage)
             ... on level 1 of the Dungeon.
             The game lasted 00:00:52 (525 turns).

Sobieck the Caller (Kobold Summoner)                 Turns: 525, Time: 00:00:53

Health: -1/10      AC:  2    Str:  5    XL:     1   Next: 55%
Magic:  3/3        EV: 15    Int: 16    God:
Gold:   0          SH:  0    Dex: 15    Spells: 3/4 levels left

rFire   . . .      SeeInvis .   a - +0 club {mace}
rCold   . . .      Faith    .   (no shield)
rNeg    . . .      Spirit   .   h - +0 robe
rPois   .          Reflect  .   (no helmet)
rElec   .          Harm     .   (no cloak)
rCorr   .          Rampage  .   (no gloves)
Will    .....                   (no boots)
Stlth   +++.......              (no amulet)
HPRegen 0.03/turn               (no ring)
MPRegen 0.08/turn               (no ring)

@: no status effects
A: small, no large weapons, nightstalker 3
a: no special abilities


You were on level 1 of the Dungeon.
You visited 1 branch of the dungeon, and saw 1 of its levels.


Innate Abilities, Weirdness & Mutations

You are small and have problems with some larger weapons.
You are completely attuned to the shadows.


   Skills:
 - Level 2.4 Dodging
 - Level 2.6 Stealth
 - Level 2.1 Spellcasting
 + Level 4.2 Summonings


You had 3 spell levels left.
You knew the following spells:

 Your Spells              Type           Power      Damage    Failure   Level
a - Summon Small Mammal   Summ           60%        N/A       3%          1

Your spell library contained the following spells:

 Spells                   Type           Power      Damage    Failure   Level
 Call Imp                 Summ           15%        N/A       5%          2
 Call Canine Familiar     Summ           15%        N/A       11%         3
 Summon Guardian Golem    Hex/Summ       8%         N/A       26%         3
 Summon Lightning Spire   Summ/Air       8%         N/A       65%         4

Inventory:

Hand Weapons
 a - a +0 club (weapon) {mace}
   (You took it off a kobold on level 1 of the Dungeon)
Missiles
 g - 6 stones {throwing}
Armour
 c - a +0 leather armour
   (You found it on level 1 of the Dungeon)
 d - a +0 ring mail
   (You found it on level 1 of the Dungeon)
 h - a +0 robe (worn)
Magical Staves
 f - a staff of conjuration {!a@e2staff}
   (You found it on level 1 of the Dungeon)
Scrolls
 i - a scroll of torment {unknown}
Potions
 b - a potion of magic
 e - a potion of lignification {unknown}

Dungeon Overview and Level Annotations

Branches:
Dungeon (1/15) Zot: 5466

Altars:

.. .. ..##.## ..
...... .. ##...##
## #.....# #..h#
##.########
#hhh@....#
########.# #.# ##
#####.♣ ##.
#.....♣ #..
#.###.♣♣.♣♣ #..
#.# ♣♣♣P~~♣ #..
#.♣♣♣♣♣~~P♣♣♣♣♣#..
#.♣...♣~.~♣PPP♣...


You could see 3 jackals.


Message History

Unknown command.
Your bat disappears in a puff of smoke!
A frilled lizard comes into view.
The frilled lizard hisses angrily.
Danger!
Unknown command.
Unknown command.
You hit the frilled lizard.
Your bat barely misses the frilled lizard.
The frilled lizard bites you.
Your bat closely misses the frilled lizard.
You are too injured to fight recklessly!
You are too injured to fight recklessly!
You are too injured to fight recklessly!
Your bat closely misses the frilled lizard.
Your bat misses the frilled lizard. The frilled lizard bites your bat.
Your bat hits the frilled lizard.
The frilled lizard dies!
Unknown command.
Your bat disappears in a puff of smoke!
You see here a frilled lizard corpse.
You enter the shallow water.
Moving in this stuff is going to be slow.
A kobold comes into view. It is wielding a +0 club.
Danger!
The kobold hits you with a +0 club.
Unknown command.
The kobold throws a stone.
The stone barely misses you.
Your quokka barely misses the kobold.
Unknown command.
Your quokka bites the kobold.
The kobold dies!
Unknown command.
You swap places.
h - a +0 club {mace};
g - 6 stones {throwing} (gained 1)
You see here a kobold corpse.
Adjust (i)tems, (s)pells, or (a)bilities?
h - a +0 club {mace} Adjust to which letter? (? for menu, Esc to quit)
a - a +0 club {mace};
h - a +0 robe (worn)
a - a +0 club (weapon)
{mace} Your quokka disappears in a puff of smoke!
You enter the shallow water.
Moving in this stuff is going to be slow.
i - a scroll labelled YNANEO OTHYSHRA Unknown command.
You enter the shallow water.
Moving in this stuff is going to be slow.
You enter the shallow water.
Moving in this stuff is going to be slow.
A jackal comes into view.
Danger!
The jackal barks!
You hear a bark! x2
A jackal comes into view.
Your rat bites the jackal.
Your rat bites the jackal.
The jackal barely misses you.
Your rat barely misses the jackal.
You hit the jackal. The jackal barely misses you.
Your rat barely misses the jackal.
The jackal bites you but does no damage.
You hit the jackal but do no damage. The jackal barely misses you.
Your rat misses the jackal. The jackal barely misses you.
You barely miss the jackal.
Your rat closely misses the jackal.
The jackal bites you.
You hit the jackal. The jackal bites you.
Your rat bites the jackal but does no damage.
The jackal misses you.
Your rat bites the jackal.
The jackal dies!
A jackal comes into view.
The jackal barely misses you.
Danger!
You hit the jackal but do no damage. The jackal barely misses you.
Your rat misses the jackal.
The jackal bites you but does no damage.
The jackal bites your rat.
Unknown command.
You closely miss the jackal.
A jackal comes into view.
The jackal closely misses you. The jackal barely misses your rat.
Your rat bites the jackal.
The jackal closely misses you.
You hit the jackal. The jackal completely misses your rat.
The jackal bites you.
* * * LOW HITPOINT WARNING * * *
Your rat misses the jackal. The jackal closely misses your rat.
The jackal bites your rat.
Your rat dies!
Your rat's corpse disappears in a puff of smoke!
The jackal bites you.
* * * LOW HITPOINT WARNING * * *
Unknown command.
You barely miss the jackal. The jackal closely misses you.
The jackal completely misses you. The jackal misses you. x2
Unknown command.
The jackal attacks as you move away! The jackal misses you.
The jackal attacks as you move away! The jackal bites you.
* * * LOW HITPOINT WARNING * * *
The jackal completely misses you.
You barely miss the jackal. The jackal closely misses you.
You hit the jackal but do no damage. The jackal bites you.
You die...

Action                   || total
-------------------------++-------
Melee: Club              ||    10
       Unarmed           ||     4
       Punch             ||     1
 Cast: Summon Small Mamm ||     4
Armor: Robe              ||     4
Dodge: Dodged            ||    32

Levels and vault maps discovered:
D:1:      lemuel_arrival_hallway, layout_loops_cross, basic_ecumenical_altar,
          serial_bayou, serial_bayou_ford_a, serial_bayou_pond_d,
          serial_bayou_crossing, serial_bayou_shore_b, chequers_big_river

Notes
Turn   | Place    | Note
-------+----------+-------------------------------------------
     0 | D:1      | Sobieck the Kobold Summoner began the quest for the Orb.
     0 | D:1      | Reached XP level 1. HP: 10/10 MP: 3/3
   522 | D:1      | HP: 1/10 [jackal (3)]
   525 | D:1      | Slain by a jackal

Vanquished Creatures (collateral kills)
  A jackal (D:1)
  A bat (D:1)
  A frilled lizard (D:1)
  A kobold (D:1)
4 creatures vanquished.

Table legend:
 A = Non-vault XP
 B = Vault XP
 C = Vault XP percentage of total XP
 D = Non-vault monster count
 E = Vault monster count
 F = Vault count percentage of total count
                 A         B        C        D         E       F
            +---------+---------+-------+---------+---------+-------
      Total |       5 |       0 |   0.0 |       4 |       0 |   0.0
            +---------+---------+-------+---------+---------+-------
        D:1 |       5 |       0 |   0.0 |       4 |       0 |   0.0
            +---------+---------+-------+---------+---------+-------

Illustrated notes

Table legend:
 A = Kills in this place as a percentage of kills in entire the game.
 B = Kills by you in this place as a percentage of kills by you in the entire game.
 C = Kills by friends in this place as a percentage of kills by friends in the entire game.
 D = Other kills in this place as a percentage of other kills in the entire game.
 E = Experience gained in this place as a percentage of experience gained in the entire game.
 F = Experience gained in this place divided by the number of levels of this place that you have seen.
                   A       B       C       D       E      F
               +-------+-------+-------+-------+-------+----------------------
         Total | 100.0 |   N/A | 100.0 |   N/A | 100.0 |   5.0
       Dungeon | 100.0 |   N/A | 100.0 |   N/A | 100.0 |   5.0
               +-------+-------+-------+-------+-------+----------------------

Table legend: (Time is in decaauts)
 A = Elapsed time spent in this place.
 B = Non-inter-level travel time spent in this place.
 C = Inter-level travel time spent in this place.
 D = Time resting spent in this place.
 E = Time spent auto-exploring this place.
 F = Levels seen in this place.
 G = Mean time per level.
                   A        B        C        D        E       F      G
               +--------+--------+--------+--------+--------+-----+--------+
         Total |    532 |    532 |      0 |      0 |    469 |   1 |  532.0 |
       Dungeon |    532 |    532 |      0 |      0 |    469 |   1 |  532.0 |
               +--------+--------+--------+--------+--------+-----+--------+

Top non-repeatable levels by time:
     D:1: 532 daAuts
